 Dungeon Crawl Stone Soup version 0.30.1-11-g7821555f0a (webtiles) character file.

Game seed: 581763580792133494

5814 monsoonserge the Thaumaturge (level 11, -39/68 HPs)
             Began as a Djinni Venom Mage on Nov 16, 2023.
             Was an Initiate of Ashenzari.
             Annihilated by a very large slime creature (56 damage)
             ... on level 9 of the Dungeon.
             The game lasted 00:37:01 (9375 turns).

monsoonserge the Thaumaturge (Djinni Venom Mage)    Turns: 9375, Time: 00:37:02

Health: -39/68     AC: 12    Str:  7    XL:     11   Next: 7%
Gold:   543        EV: 11    Int: 20    God:    Ashenzari [......] SH:  0 Dex: 15

rFire   + + .        R - +5 long sword
rCold   . . .        (no shield)
rNeg    . . .        K - quicksilver dragon scales
rPois   ∞            E - +0 helmet
rElec   .            (no cloak)
rCorr   .            J - +0 pair of gloves
SInv    .            (boots unavailable)
Will    +++..        P - amulet "Circumscribed With Me" {RegenMP, Melee, Evo} (curse)
Stlth   +            r - ring of protection from cold
HPRegen 0.31/turn    S - ring of willpower
MPRegen 0.00/turn

%: infuse magic (-40 HP)
@: flying
A: sickness immunity, fire resistance 2, cold vulnerability 1, float, innate
caster, HP casting, extra vitality 1
a: Renounce Religion, Shatter the Chains


You were on level 9 of the Dungeon.
You worshipped Ashenzari.
Ashenzari was noncommittal.
You visited 2 branches of the dungeon, and saw 10 of its levels.
You also visited: Sewer.

You collected 543 gold pieces.

Inventory:

Hand Weapons
 a - a +0 sling
 C - a +3 dagger
 F - a +0 falchion of electrocution
 G - a +2 dagger of draining
 R - a +5 long sword (weapon)
Missiles
 c - 2 throwing nets
 e - 4 curare-tipped darts
 f - 46 poisoned darts
 l - 7 boomerangs (quivered)
 L - 5 atropa-tipped darts
Armour
 q - the +2 robe of Elyvilon's Hope {rC+}
   (You found it on level 2 of the Dungeon)

   rC:        It protects you from cold.
 s - the +2 robe "Leluem" {+Inv rCorr Int+3}
   (You found it on level 2 of the Dungeon)

   Int:       It affects your intelligence (+3).
   +Inv:      It lets you turn invisible.
   rCorr:     It protects you from acid and corrosion.
 B - a +2 ring mail of fire resistance
 E - a +0 helmet (worn)
 J - a +0 pair of gloves (worn)
 K - quicksilver dragon scales (worn)
Magical Staves
 Q - a staff of air
Jewellery
 p - an amulet of faith
 r - a ring of protection from cold (left hand)
 P - the cursed amulet "Circumscribed With Me" (around neck) {RegenMP, Melee, Evo}
   (You found it on level 8 of the Dungeon)

   [amulet of magic regeneration]

   It increases your rate of magic regeneration.
   It has a curse which improves the following skills: Melee Combat: Short
   Blades, Long Blades, Axes, Maces & Flails, Polearms, Staves and Unarmed
   Combat.
   Evocations: Evocations.
 S - a ring of willpower (right hand)
Scrolls
 d - 3 scrolls of teleportation
 g - a scroll of blinking
 h - 2 scrolls of summoning
 i - a scroll of enchant weapon
 k - 2 scrolls of poison
 o - 3 scrolls of torment
 t - a scroll of acquirement {unknown}
 w - 3 scrolls of enchant armour {unknown}
 y - 6 scrolls of magic mapping {unknown}
 z - a scroll of vulnerability {unknown}
 A - a scroll of noise {unknown}
 D - a scroll of amnesia {unknown}
 I - 2 scrolls of silence
 M - 2 scrolls of brand weapon
 N - a scroll of fear {unknown}
 O - a scroll of identify
Potions
 b - a potion of magic {unknown}
 j - a potion of resistance {unknown}
 m - 2 potions of curing
 n - 3 potions of haste {unknown}
 u - a potion of cancellation {unknown}
 v - 3 potions of heal wounds
 x - a potion of might {unknown}
 H - 2 potions of brilliance


   Skills:
 + Level 2.0 Fighting
 - Level 2.8(3.3) Short Blades
 + Level 1.1(2.3) Long Blades
 - Level 3.0 Armour
 + Level 3.9 Dodging
 - Level 2.0 Stealth
 * Level 11.4 Spellcasting
 + Level 1.0(1.2) Evocations


You knew the following spells:

 Your Spells              Type           Power      Damage    Failure   Level
a - Sting                 Tmut/Pois      100%       1d8       1%          1
b - Poisonous Vapours     Pois/Air       100%       N/A       1%          2
c - Mephitic Cloud        Conj/Pois/Air  54%        N/A       1%          3
d - Olgreb's Toxic Radia  Pois           54%        N/A       1%          4
e - Shock                 Conj/Air       100%       1d9       1%          1
f - Ensorcelled Hibernat  Hex/Ice        100%       N/A       1%          2
g - Lesser Beckoning      Tloc           100%       N/A       1%          2
h - Summon Guardian Gole  Hex/Summ       54%        N/A       1%          3
i - Dispel Undead         Necr           54%        3d20      1%          4
Your spell library was empty.

Dungeon Overview and Level Annotations

Branches:
Dungeon (9/15)             Temple (1/1) D:7           Sewer (visited)
   Lair: D:8-11         Orc: D:9-12

Altars:
Ashenzari
Cheibriados
Dithmenos
Elyvilon
Fedhas
Gozag
Hepliaklqana
Makhleb
Nemelex Xobeh
Okawaru
Qazlal
Ru
Wu Jian
Xom
Yredelemnul
Zin
The Shining One

Shops:
D:8 [

Annotations:
D:9 3 runed translucent doors, Jaukkuri's ghost, novice DEAr


Innate Abilities, Weirdness & Mutations

You are immune to sickness and miasma.
You are immune to poison.
Your flesh is very heat resistant. (rF++)
You are vulnerable to cold. (rC-)
You float through the air rather than walking.
You learn spells naturally, not from books.
Your magical power is your life essence.
You have superior vitality. (+4 MHP)


Message History

Press: ? - help, Shift-Dir - straight line, f/p - slime creature
Aim: a slime creature (moderately wounded, 94% to hit)
The zap hits the large slime creature.
The large slime creature is heavily wounded.
The zap hits the slime creature.
The slime creature is heavily wounded.
Two slime creatures merge to form a very large slime creature.
You aren't carrying any items that you can evoke.
Okay, then.
You slash the very large slime creature!
The very large slime creature is heavily wounded.
The very large slime creature barely misses you.
You are flying.
Your flying speed is average.
Your attack delay is about 1.2.
Your damage rating with your +5 long sword is about 17 (Base 10 x 112% (Dex) x 107% (Skill) + 5 (Ench)).
You slash the very large slime creature!
The very large slime creature is heavily wounded.
The very large slime creature barely misses you.
You hit the very large slime creature.
The very large slime creature is heavily wounded.
The very large slime creature barely misses you.
You slash the very large slime creature!
The very large slime creature is severely wounded.
The very large slime creature closely misses you.
You slash the very large slime creature!
The very large slime creature is severely wounded.
The very large slime creature hits you!!!
Ouch! That really hurt!
* * * LOW HITPOINT WARNING * * *
The very large slime creature barely misses you.
Unknown command.
Casting: Shock (safe; 1% risk of failure)
Confirm with . or Enter, or press ? or * to list all spells.
Okay, then.
Casting: Shock (safe; 1% risk of failure)
Confirm with . or Enter, or press ? or * to list all spells.
A guardian golem appears, shielding your allies.
* * * LOW HITPOINT WARNING * * *
The very large slime creature hits you!!!
Ouch! That really hurt!
You die...

#...# #.###
#.# #.# #)#
#.###
#########
#)..#
#.......#
#...#######
#.......#
#...'..J@9#
#.......#
#...#####.#
#.......##
#...# #.#
#....)..#.
#...# #.#
#...))..#.
#...# #.#
#...)...'.
#...# #.#
#.......#.
#########.#
#.......#.
#...#.#
####.......#.
#...#.#
#.....######.


You could see a very large slime creature (ally target) and a friendly guardian
golem (summoned).

Vanquished Creatures
  An unseen horror zombie (D:9)
  2 trolls
  A slime creature (D:9)
  2 steam dragons
  3 water moccasins
  An ice beast (D:7)
  A black bear (D:4)
  6 orc warriors
  2 sky beasts
  2 ogres
  A centaur (D:5)
  5 kobold brigands
  A phantom (D:5)
  4 bullfrogs
  2 gnoll sergeants (D:8)
  2 scorpions
  12 wights
  13 killer bees
  3 howler monkeys (D:9)
  6 orc priests
  A hound (D:5)
  3 sleepcaps
  2 iguanas
  9 orc wizards
  A howler monkey zombie (D:9)
  8 gnolls
  13 adders
  2 river rats
  2 white imps
  An ufetubus (D:5)
  2 worms (D:3)
  6 dart slugs
  49 orcs
  4 bats
  5 endoplasms
  3 giant cockroaches (D:3)
  4 goblins
  8 hobgoblins
  3 jackals (D:4)
  3 quokkas
  15 ball pythons
  6 frilled lizards
  31 kobolds
  26 rats
277 creatures vanquished.

Notes
Turn   | Place    | Note
-------+----------+-------------------------------------------
     0 | D:1      | monsoonserge the Djinni Venom Mage began the quest for the
                  | Orb.
     0 | D:1      | monsoonserge set off with the following spells memorised:
                  | Sting, Poisonous Vapours, Mephitic Cloud, Olgreb's Toxic
                  | Radiance.
     0 | D:1      | Reached XP level 1. HP: 15/15 MP: 0/0
   201 | D:1      | Reached XP level 2. HP: 17/21 MP: 0/0
   442 | D:1      | Reached skill level 3 in Spellcasting
   891 | D:2      | Got the Writings on Feculent Transmutation
   912 | D:2      | Reached XP level 3. HP: 23/25 MP: 0/0
   912 | D:2      | Learned a level 1 spell: Shock
  1350 | D:2      | Identified the +2 robe of Elyvilon's Hope {rC+}
  1451 | D:2      | Reached XP level 4. HP: 19/31 MP: 0/0
  1588 | D:2      | Identified the +2 robe "Leluem" {+Inv rCorr Int+3}
  1680 | D:3      | Noticed an ogre
  1690 | D:3      | Killed an ogre
  1691 | D:3      | Reached skill level 4 in Spellcasting
  1691 | D:3      | Reached XP level 5. HP: 19/35 MP: 0/0
  1691 | D:3      | Learned a level 2 spell: Ensorcelled Hibernation
  1812 | D:3      | Found a glowing drain.
  1816 | Sewer    | Entered a sewer
  1895 | Sewer    | Reached XP level 6. HP: 4/40 MP: 0/0
  2245 | Sewer    | Reached skill level 5 in Spellcasting
  2251 | Sewer    | Reached XP level 7. HP: 30/46 MP: 0/0
  2251 | Sewer    | Learned a level 2 spell: Lesser Beckoning
  2816 | D:3      | Found a glowing golden altar of the Shining One.
  2879 | D:4      | Reached skill level 1 in Short Blades
  2960 | D:4      | Reached skill level 1 in Fighting
  3506 | D:4      | Found an opulent altar of Gozag.
  3546 | D:5      | Entered Level 5 of the Dungeon
  3605 | D:5      | Reached skill level 6 in Spellcasting
  3725 | D:5      | Reached XP level 8. HP: 38/52 MP: 0/0
  3728 | D:5      | Reached skill level 1 in Evocations
  4138 | D:5      | Found a runed translucent door.
  4569 | D:5      | Reached skill level 7 in Spellcasting
  4810 | D:5      | Reached XP level 9. HP: 24/57 MP: 0/0
  4810 | D:5      | Learned a level 3 spell: Summon Guardian Golem
  5190 | D:6      | Reached skill level 8 in Spellcasting
  5439 | D:6      | Reached skill level 1 in Armour
  5475 | D:6      | Found a snail-covered altar of Cheibriados.
  5802 | D:6      | Found an ornate altar of the Wu Jian Council.
  5902 | D:6      | Found a shadowy altar of Dithmenos.
  5902 | D:6      | Found a sacrificial altar of Ru.
  5902 | D:6      | Found a shimmering altar of Xom.
  6047 | D:7      | Reached skill level 9 in Spellcasting
  6170 | D:7      | Found a blossoming altar of Fedhas.
  6469 | D:7      | Found a staircase to the Ecumenical Temple.
  6483 | Temple   | Entered the Ecumenical Temple
  7204 | D:8      | Found a broken altar of Ashenzari.
  7217 | D:8      | Reached XP level 10. HP: 49/64 MP: 0/0
  7252 | D:8      | Became a worshipper of Ashenzari the Shackled
  7443 | D:8      | Reached skill level 10 in Spellcasting
  7717 | D:8      | Found Qaxulae's Armour Shoppe.
  8620 | D:9      | Found a runed translucent gate.
  8620 | D:9      | Found a runed translucent gate.
  8620 | D:9      | Found a runed translucent gate.
  8620 | D:9      | Noticed Jaukkuri's ghost (novice DEAr)
  8622 | D:9      | Found a basalt altar of Yredelemnul.
  8659 | D:9      | Reached skill level 11 in Spellcasting
  8849 | D:9      | Reached XP level 11. HP: 46/68 MP: 0/0
  8849 | D:9      | Learned a level 4 spell: Dispel Undead
  8998 | D:9      | Reached skill level 1 in Long Blades
  9375 | D:9      | Annihilated by a very large slime creature

Illustrated notes

Levels and vault maps discovered:
D:1:      elethiomel_arrival_maze, layout_basic, minmay_misc_feat_enclosed,
          minmay_tromino_v4_c
D:2:      layout_loops_ring
D:3:      layout_loops_cross, tso_oasis_becter, gup_sewer_entry_bowl,
          amcnicky_mini_corridor_feature, minmay_misc_feat_four_crosses,
          minmay_crystal_room
D:4:      layout_rooms, mainiacjoe_overflow_catwalk
D:5:      layout_basic, lightli_church_of_beogh
D:6:      layout_loops_ring, kennysheep_slug_shrine, nzn_wu_jian_contemplation,
          gammafunk_temple_overflow_claw
D:7:      layout_loops_ring, grunt_temple_overflow_growth_and_decay,
          minmay_temple_entry_junction, grunt_ministairs_15
D:8:      layout_rooms, old_standard_altar, serial_shops, shop, st_stairs_4
D:9:      layout_basic, nicolae_yredelemnul_ghost_church
Temple:   hellmonk_temple_flake

Skill      XL: |  1  2  3  4  5  6  7  8  9 10 11 |
---------------+----------------------------------+-----
Spellcasting   | 3 4 5 6 7 9 11 | 11.4
Stealth        | 2 |  2.0
Short Blades   | 1 2 |  2.8
Fighting       | 1 2 |  2.0
Evocations     | 1 |  1.0
Dodging        | 3 |  3.9
Armour         | 2 3 |  3.0
Long Blades    | 1 |  1.1

Action                     |  1- 3 |  4- 6 |  7- 9 | 10-12 || total
---------------------------+-------+-------+-------+-------++-------
  Melee: Short sword       |    23 |    32 |     3 |       ||    58
         Punch             |       |     1 |       |       ||     1
         Dagger            |       |       |    77 |    15 ||    92
         Long sword        |       |       |       |    28 ||    28
   Cast: Sting             |    47 |    30 |    81 |    22 ||   180
         Mephitic Cloud    |       |     4 |    20 |     8 ||    32
         Olgreb's Toxic Ra |       |     8 |    13 |    19 ||    40
         Shock             |       |       |   103 |    84 ||   187
         Poisonous Vapours |       |       |     5 |     3 ||     8
         Ensorcelled Hiber |       |       |       |     1 ||     1
         Summon Guardian G |       |       |       |     1 ||     1
 Invoke: Curse Item        |       |       |       |     1 ||     1
Ability: Evoke Invisibilit |       |       |     1 |       ||     1
    Use: Scroll            |       |       |     7 |     3 ||    10
   Stab: Confused          |       |     4 |     6 |     1 ||    11
         Sleeping          |       |       |       |     1 ||     1
 Armour: Robe              |     5 |     8 |    11 |       ||    24
         Quicksilver drago |       |       |    27 |    48 ||    75
  Dodge: Dodged            |    18 |    16 |    78 |    62 ||   174
